| TOP OF THE 1ST |
|
Greenville Drive batting - Pitching for Hickory Crawdads : RHP Erik Sever
|
|
Pitching: RHP Erik Sever
|
|
|
Batting: RHB Jim Hubbard
|
0-0: Called Strike 0-1: Swinging Strike 0-2: Strikes out swinging
|
|
Batting: RHB Tony Nunez
|
0-0: Foul Ball, location: 2F 0-1: Ground out 4-3 (Groundball, 4MD, EV 98.1 MPH)
|
|
Batting: RHB Alex Cardenas
|
0-0: Foul Ball, location: 2F 0-1: Foul Ball, location: 2F 0-2: Ball 1-2: Foul Ball, location: 2F 1-2: SINGLE (Groundball, 3D, EV 104.4 MPH)
|
|
Batting: LHB Danny Montoya
|
0-0: Fielders Choice at 2nd, 6-4 (Groundball, 6, EV 100.0 MPH)
|
| Top of the 1st over - 0 runs, 1 hit, 0 errors, 1 left on base; Greenville 0 - Hickory 0 |
| BOTTOM OF THE 1ST |
|
Hickory Crawdads batting - Pitching for Greenville Drive : RHP Su-wu Yang
|
|
Pitching: RHP Su-wu Yang
|
|
|
Batting: RHB Aaron Moore
|
0-0: Called Strike 0-1: Ground out 5-3 (Groundball, 56, EV 88.8 MPH)
|
|
Batting: LHB Caleb Domino
|
0-0: Foul Ball, location: 2F 0-1: Foul Ball, location: 2F 0-2: Ball 1-2: Ball 2-2: Strikes out swinging
|
|
Batting: RHB Matthew Starr
|
0-0: Foul Ball, location: 2F 0-1: Ball 1-1: Ground out 6-3 (Groundball, 6, EV 100.0 MPH)
|
| Bottom of the 1st over - 0 runs, 0 hits, 0 errors, 0 left on base; Greenville 0 - Hickory 0 |
| TOP OF THE 2ND |
|
Greenville Drive batting - Pitching for Hickory Crawdads : RHP Erik Sever
|
|
Batting: SHB Robert Soto
|
0-0: Foul Ball, location: 2F 0-1: Foul Ball, location: 2F 0-2: Foul Ball, location: 2F 0-2: Ball 1-2: Strikes out looking
|
|
Batting: RHB Bobby Schimke
|
0-0: Ball 1-0: Ball 2-0: DOUBLE (Flyball, 78D, EV 98.8 MPH)
|
|
Batting: LHB John Buff
|
0-0: Called Strike 0-1: Ball 1-1: Ball 2-1: Fly out, F7 (Flyball, 7LS, EV 91.2 MPH)
|
|
Batting: RHB Ted Emmerich
|
0-0: Called Strike 0-1: Ground out 4-3 (Groundball, 4M, EV 84.4 MPH)
|
| Top of the 2nd over - 0 runs, 1 hit, 0 errors, 1 left on base; Greenville 0 - Hickory 0 |
| BOTTOM OF THE 2ND |
|
Hickory Crawdads batting - Pitching for Greenville Drive : RHP Su-wu Yang
|
|
Batting: SHB Todd Hewitt
|
0-0: Ball 1-0: Called Strike 1-1: Foul Ball, location: 2F 1-2: Ground out 6-3 (Groundball, 6M, EV 83.1 MPH)
|
|
Batting: RHB Jarrod Joyce
|
0-0: Ball 1-0: Called Strike 1-1: Foul Ball, location: 2F 1-2: Hit by Pitch
|
|
Batting: RHB Victor Moya
|
0-0: Foul Ball, location: 2F 0-1: Ball 1-1: Foul Ball, location: 2F 1-2: Ball 2-2: SINGLE (Groundball, 5S, EV 70.6 MPH) (infield hit) Jarrod Joyce to second
|
|
Batting: RHB Salvador Caldera
|
0-0: Foul Ball, location: 2F 0-1: Ball 1-1: Fly out, F3 (Popup, 3S, EV 80.6 MPH)
|
|
Batting: RHB Zach Thomason
|
0-0: Foul Ball, location: 2F 0-1: DOUBLE (Line Drive, 78D, EV 106.2 MPH) Jarrod Joyce scores Victor Moya to third Runner from 3rd tries for Home, SAFE, throw by LF to home
|
|
Batting: RHB Dave Brabo
|
0-0: Ground out 6-3 (Groundball, 56, EV 90.6 MPH)
|
| Bottom of the 2nd over - 2 runs, 2 hits, 0 errors, 1 left on base; Greenville 0 - Hickory 2 |
| TOP OF THE 3RD |
|
Greenville Drive batting - Pitching for Hickory Crawdads : RHP Erik Sever
|
|
Batting: RHB Roger Mitchell
|
0-0: Called Strike 0-1: Called Strike 0-2: Ball 1-2: Strikes out swinging
|
|
Batting: RHB Jim Hubbard
|
0-0: Ball 1-0: Foul Ball, location: 2F 1-1: Foul Ball, location: 2F 1-2: Ball 2-2: Fly out, F9 (Flyball, 9, EV 88.8 MPH)
|
|
Batting: RHB Tony Nunez
|
0-0: Called Strike 0-1: Swinging Strike 0-2: Ground out 5-3 (Groundball, 5L, EV 77.5 MPH)
|
| Top of the 3rd over - 0 runs, 0 hits, 0 errors, 0 left on base; Greenville 0 - Hickory 2 |
| BOTTOM OF THE 3RD |
|
Hickory Crawdads batting - Pitching for Greenville Drive : RHP Su-wu Yang
|
|
Batting: RHB Aaron Moore
|
0-0: SINGLE (Groundball, 4, EV 100.6 MPH)
|
|
Batting: LHB Caleb Domino
|
0-0: Ball 1-0: Foul Ball, location: 2F 1-1: Ball 2-1: Foul Ball, location: 2F 2-2: Ball 3-2: Fielders Choice at 2nd, 4-6 (Groundball, 4, EV 85.0 MPH)
|
|
Batting: RHB Matthew Starr
|
0-0: Ball 1-0: Called Strike 1-1: Foul Ball, location: 2F 1-2: Foul Ball, location: 2F 1-2: Foul Ball, location: 2F 1-2: Ball 2-2: Ball 3-2: Fly out, F3 (Line Drive, 34, EV 69.4 MPH) Lined into DP, U3 (Line Drive, 34, EV 66.9 MPH)
|
| Bottom of the 3rd over - 0 runs, 1 hit, 0 errors, 0 left on base; Greenville 0 - Hickory 2 |
| TOP OF THE 4TH |
|
Greenville Drive batting - Pitching for Hickory Crawdads : RHP Erik Sever
|
|
Batting: RHB Alex Cardenas
|
0-0: Ball 1-0: Ball 2-0: Swinging Strike 2-1: Foul Ball, location: 2F 2-2: Strikes out swinging
|
|
Batting: LHB Danny Montoya
|
0-0: Ball 1-0: Called Strike 1-1: Foul Ball, location: 2F 1-2: Ball 2-2: Ground out U3 (Groundball, 34S, EV 86.9 MPH)
|
|
Batting: SHB Robert Soto
|
0-0: Called Strike 0-1: Swinging Strike 0-2: SINGLE (Groundball, 56D, EV 99.4 MPH)
|
|
Batting: RHB Bobby Schimke
|
0-0: Ball 1-0: Fly out, F8 (Line Drive, 8RM, EV 90.6 MPH)
|
| Top of the 4th over - 0 runs, 1 hit, 0 errors, 1 left on base; Greenville 0 - Hickory 2 |
| BOTTOM OF THE 4TH |
|
Hickory Crawdads batting - Pitching for Greenville Drive : RHP Su-wu Yang
|
|
Batting: SHB Todd Hewitt
|
0-0: Fly out, F8 (Flyball, 8LM, EV 86.2 MPH)
|
|
Batting: RHB Jarrod Joyce
|
0-0: Ball 1-0: Ball 2-0: Foul Ball, location: 2F 2-1: Foul Ball, location: 2F 2-2: Ball 3-2: Base on Balls
|
|
Batting: RHB Victor Moya
|
0-0: Ball 1-0: Foul Ball, location: 2F 1-1: Ball Jarrod Joyce steals 2nd base 2-1: 2-RUN HOME RUN (Flyball, 78XD, EV 111.9 MPH), Distance : 442 ft
|
|
Batting: RHB Salvador Caldera
|
0-0: Foul Ball, location: 2F 0-1: Called Strike 0-2: Strikes out looking
|
|
Batting: RHB Zach Thomason
|
0-0: Ground out 4-3 (Groundball, 6, EV 85.6 MPH)
|
| Bottom of the 4th over - 2 runs, 1 hit, 0 errors, 0 left on base; Greenville 0 - Hickory 4 |
| TOP OF THE 5TH |
|
Greenville Drive batting - Pitching for Hickory Crawdads : RHP Erik Sever
|
|
Batting: LHB John Buff
|
0-0: Ball 1-0: Called Strike 1-1: Foul Ball, location: 2F 1-2: Ball 2-2: Ball 3-2: Foul Ball, location: 2F 3-2: Ground out 4-3 (Groundball, 4M, EV 108.1 MPH)
|
|
Batting: RHB Ted Emmerich
|
0-0: Ball 1-0: Ball 2-0: Foul Ball, location: 2F 2-1: SINGLE (Groundball, 6MD, EV 96.2 MPH)
|
|
Batting: RHB Roger Mitchell
|
0-0: Ball 1-0: Called Strike 1-1: Foul Ball, location: 2F 1-2: Ball 2-2: Foul Ball, location: 2F 2-2: Strikes out looking
|
|
Batting: RHB Jim Hubbard
|
0-0: Fly out, F9 (Flyball, 9, EV 86.2 MPH)
|
| Top of the 5th over - 0 runs, 1 hit, 0 errors, 1 left on base; Greenville 0 - Hickory 4 |
| BOTTOM OF THE 5TH |
|
Hickory Crawdads batting - Pitching for Greenville Drive : RHP Su-wu Yang
|
|
Batting: RHB Dave Brabo
|
0-0: Fly out, F7 (Flyball, 7S, EV 81.2 MPH)
|
|
Batting: RHB Aaron Moore
|
0-0: Foul Ball, location: 2F 0-1: Swinging Strike 0-2: Ball 1-2: Foul Ball, location: 2F 1-2: Foul Ball, location: 2F 1-2: Hit by Pitch
|
|
Batting: LHB Caleb Domino
|
0-0: Called Strike Aaron Moore is caught stealing 2nd base 2-6 0-1: Foul Ball, location: 2F 0-2: Ball 1-2: Foul Ball, location: 2F 1-2: Ground out 1-3 (Groundball, 15S, EV 61.9 MPH)
|
| Bottom of the 5th over - 0 runs, 0 hits, 0 errors, 0 left on base; Greenville 0 - Hickory 4 |
| TOP OF THE 6TH |
|
Greenville Drive batting - Pitching for Hickory Crawdads : RHP Erik Sever
|
|
Batting: RHB Tony Nunez
|
0-0: Foul Ball, location: 2F 0-1: Foul Ball, location: 2F 0-2: Ball 1-2: Ball 2-2: Strikes out swinging
|
|
Batting: RHB Alex Cardenas
|
0-0: Ball 1-0: SINGLE (Groundball, 56D, EV 99.4 MPH)
|
|
Batting: LHB Danny Montoya
|
0-0: SINGLE (Groundball, 25, EV 60.0 MPH) (infield hit) Alex Cardenas to second
|
|
Batting: SHB Robert Soto
|
0-0: Swinging Strike 0-1: Ball 1-1: Fly out, F8 (Flyball, 78D, EV 80.6 MPH)
|
|
Batting: RHB Bobby Schimke
|
0-0: Swinging Strike 0-1: Foul Ball, location: 2F 0-2: Strikes out looking
|
| Top of the 6th over - 0 runs, 2 hits, 0 errors, 2 left on base; Greenville 0 - Hickory 4 |
| BOTTOM OF THE 6TH |
|
Hickory Crawdads batting - Pitching for Greenville Drive : RHP Su-wu Yang
|
|
Batting: RHB Matthew Starr
|
0-0: Swinging Strike 0-1: Foul Ball, location: 2F 0-2: Ball 1-2: Ball 2-2: Ball 3-2: Ground out U3 (Groundball, 3S, EV 76.2 MPH)
|
|
Batting: SHB Todd Hewitt
|
0-0: Called Strike 0-1: SINGLE (Line Drive, 34, EV 93.8 MPH)
|
|
Batting: RHB Jarrod Joyce
|
0-0: Swinging Strike 0-1: Ground out 5-3 (Groundball, 56S, EV 76.9 MPH) Todd Hewitt to second
|
|
Batting: RHB Victor Moya
|
0-0: Ball Wild Pitch! Todd Hewitt to third 1-0: Swinging Strike 1-1: Foul Ball, location: 2F 1-2: Fly out, F9 (Flyball, 9, EV 86.9 MPH)
|
| Bottom of the 6th over - 0 runs, 1 hit, 0 errors, 1 left on base; Greenville 0 - Hickory 4 |
| TOP OF THE 7TH |
|
Greenville Drive batting - Pitching for Hickory Crawdads : RHP Erik Sever
|
|
Batting: LHB John Buff
|
0-0: Ball 1-0: Ground out 4-3 (Groundball, 4MD, EV 83.1 MPH)
|
|
Batting: RHB Ted Emmerich
|
0-0: Ball 1-0: Ball 2-0: Ground out 3-1 (Groundball, 34, EV 85.0 MPH)
|
|
Batting: RHB Roger Mitchell
|
0-0: Foul Ball, location: 2F 0-1: Swinging Strike 0-2: Foul Ball, location: 2F 0-2: Ball 1-2: Foul Ball, location: 2F 1-2: Ball 2-2: Strikes out swinging
|
| Top of the 7th over - 0 runs, 0 hits, 0 errors, 0 left on base; Greenville 0 - Hickory 4 |
| BOTTOM OF THE 7TH |
|
Hickory Crawdads batting - Pitching for Greenville Drive : RHP Su-wu Yang
|
|
Batting: RHB Salvador Caldera
|
0-0: Ball 1-0: Swinging Strike 1-1: Swinging Strike 1-2: Ball 2-2: Foul Ball, location: 2F 2-2: Strikes out swinging
|
|
Pitching: RHP Jon Olivo
|
|
|
Batting: RHB Zach Thomason
|
0-0: Called Strike 0-1: Ball 1-1: Called Strike 1-2: Ball 2-2: Ball 3-2: Strikes out looking
|
|
Batting: RHB Dave Brabo
|
0-0: Ground out 6-3 (Groundball, 6, EV 110.0 MPH)
|
| Bottom of the 7th over - 0 runs, 0 hits, 0 errors, 0 left on base; Greenville 0 - Hickory 4 |
| TOP OF THE 8TH |
|
Greenville Drive batting - Pitching for Hickory Crawdads : RHP Erik Sever
|
|
Batting: RHB Jim Hubbard
|
0-0: Called Strike 0-1: Ball 1-1: Swinging Strike 1-2: Fly out, F8 (Flyball, 8LD, EV 85.0 MPH)
|
|
Batting: RHB Tony Nunez
|
0-0: Ball 1-0: Ball 2-0: Ball 3-0: Foul Ball, location: 2F 3-1: Base on Balls
|
|
Batting: RHB Alex Cardenas
|
0-0: Grounds into double play, 6-4-3 (Groundball, 6, EV 78.1 MPH)
|
| Top of the 8th over - 0 runs, 0 hits, 0 errors, 0 left on base; Greenville 0 - Hickory 4 |
| BOTTOM OF THE 8TH |
|
Hickory Crawdads batting - Pitching for Greenville Drive : RHP Jon Olivo
|
|
Batting: RHB Aaron Moore
|
0-0: Ball 1-0: Ball 2-0: Foul Ball, location: 2F 2-1: Ground out 1-3 (Groundball, 15, EV 73.8 MPH)
|
|
Batting: LHB Caleb Domino
|
0-0: Called Strike 0-1: Ball 1-1: Foul Ball, location: 2F 1-2: Ball 2-2: Foul Ball, location: 2F 2-2: Strikes out swinging
|
|
Batting: RHB Matthew Starr
|
0-0: Foul Ball, location: 2F 0-1: Ball 1-1: Swinging Strike 1-2: Ball 2-2: Ball 3-2: Foul Ball, location: 2F 3-2: Ground out U3 (Groundball, 34S, EV 88.1 MPH)
|
| Bottom of the 8th over - 0 runs, 0 hits, 0 errors, 0 left on base; Greenville 0 - Hickory 4 |
| TOP OF THE 9TH |
|
Greenville Drive batting - Pitching for Hickory Crawdads : RHP Erik Sever
|
|
Batting: LHB Danny Montoya
|
0-0: Ball 1-0: Ball 2-0: Ball 3-0: Base on Balls
|
|
Batting: SHB Robert Soto
|
0-0: Ball 1-0: Ball 2-0: Ball 3-0: Called Strike 3-1: Foul Ball, location: 2F 3-2: Foul Ball, location: 2F 3-2: Foul Ball, location: 2F 3-2: Strikes out swinging
|
|
Pitching: RHP Miguel Arguello
|
|
|
Batting: RHB Bobby Schimke
|
0-0: Ball 1-0: Foul Ball, location: 2F 1-1: Ball 2-1: Ball 3-1: Called Strike 3-2: Strikes out looking
|
|
Batting: LHB John Buff
|
0-0: Ball 1-0: Foul Ball, location: 2F 1-1: SINGLE (Groundball, 6MS, EV 68.1 MPH) (infield hit) Danny Montoya to second
|
|
Pitching: RHP Johnny Munoz
|
|
|
Batting: RHB Ted Emmerich
|
0-0: Ball Passed Ball! Danny Montoya to third John Buff to second 1-0: SINGLE (Groundball, 4MD, EV 96.9 MPH) Danny Montoya scores John Buff to third
|
|
Pinch Hitting: LHB Eddie Contreras
|
0-0: Foul Ball, location: 2F 0-1: Ball 1-1: Swinging Strike 1-2: Foul Ball, location: 2F 1-2: Fly out, F6 (Popup, 6D, EV 60.0 MPH)
|
| Top of the 9th over - 1 run, 2 hits, 0 errors, 2 left on base; Greenville 1 - Hickory 4 |
|